 Dungeon Crawl Stone Soup version 0.31.0-32-g396128a36d (webtiles) character file.

Game seed: 16196240374193135103

131 PaiMei the Grave Robber (level 4, -5/33 HPs)
             Began as a Demonspawn Necromancer on Apr 18, 2024.
             Slain by a gnoll
             ... wielding a +2 flail of holy wrath
             ... led by a gnoll bouda
              (15 damage)
             ... on level 4 of the Dungeon.
             The game lasted 00:03:32 (3109 turns).

PaiMei the Grave Robber (Demonspawn Necromancer)    Turns: 3109, Time: 00:03:32

Health: -5/33      AC:  5    Str: 14    XL:     4   Next: 91%
Magic:  2/8        EV: 12    Int: 18    God:
Gold:   144        SH:  0    Dex: 13    Spells: 4/8 levels left

rFire   . . .        k - +0 club
rCold   . . .        (no shield)
rNeg    . . .        a - +0 robe
rPois   .            (no helmet)
rElec   .            (no cloak)
rCorr   .            (no gloves)
SInv    .            w - +0 pair of boots
Will    .....        (no amulet)
Stlth   ++           o - +6 ring of strength
HPRegen 0.25/turn    (no ring)
MPRegen 0.11/turn

%: no passive effects
@: no status effects
A: hooves 2, yellow scales 1
a: no special abilities


You were on level 4 of the Dungeon.
You visited 1 branch of the dungeon, and saw 4 of its levels.

You collected 144 gold pieces.

Inventory:

Hand Weapons
 k - a +0 club (weapon)
Missiles
 m - 10 poisoned darts (quivered)
Armour
 a - a +0 robe (worn)
 r - a +0 kite shield
 w - a +0 pair of boots (worn)
Jewellery
 o - a +6 ring of strength (left hand)
Scrolls
 c - 2 scrolls of identify {unknown}
 d - a scroll of enchant armour {unknown}
 f - a scroll of fear {unknown}
 g - 2 scrolls of amnesia {unknown}
 i - a scroll of blinking {unknown}
 l - a scroll of teleportation {unknown}
 n - 3 scrolls of fog {unknown}
 p - a scroll of acquirement {unknown}
 q - a scroll of poison {unknown}
Potions
 b - a potion of magic
 e - 5 potions of curing {unknown}
 h - 2 potions of attraction {unknown}
 j - 2 potions of brilliance {unknown}
 s - a potion of heal wounds {unknown}
 t - a potion of haste {unknown}
 u - a potion of ambrosia {unknown}
 v - a potion of invisibility {unknown}
 x - a potion of mutation {unknown}


   Skills:
 + Level 1.8 Fighting
 + Level 2.7 Dodging
 - Level 2.0 Stealth
 + Level 2.9 Spellcasting
 + Level 5.1 Necromancy


You had 4 spell levels left.
You knew the following spells:

 Your Spells              Type           Power      Damage    Failure   Level
a - Necrotise             Necr           84%        1d8       1%          1
b - Vampiric Draining     Necr           21%        2d7       6%          3

Your spell library contained the following spells:

 Spells                   Type           Power      Damage    Failure   Level
 Animate Dead             Necr           21%        N/A       21%         4
 Curse of Agony           Necr           21%        N/A       50%         5


Dungeon Overview and Level Annotations

Branches:
Dungeon (4/15)
 Temple: D:4-7

Altars:
Qazlal
Wu Jian

Annotations:
D:3 Ijyb


Innate Abilities, Weirdness & Mutations

You have hoof-like feet.
You are partially covered in yellow scales. (AC +2)


Message History

Casting: Necrotise (safe; 1% risk of failure)
Confirm with . or Enter, or press ? or * to list all spells.
You can't see any susceptible monsters within range! (Use Z to cast anyway.)
Casting: Necrotise (safe; 1% risk of failure)
Confirm with . or Enter, or press ? or * to list all spells.
You can't see any susceptible monsters within range! (Use Z to cast anyway.)
A gnoll comes into view.
It is wielding a +2 flail of holy wrath and quivering a throwing net.
A gnoll is nearby!
You swap places.
You now have 144 gold pieces (gained 22).
Items here: )) [[.
You start resting.
Your orc skeleton barely misses the gnoll.
The gnoll throws a throwing net.
The throwing net hits your orc skeleton.
Your orc skeleton is caught in the net!
Your orc skeleton struggles against the net.
Items here: )) [[.
You swap places.
The gnoll hits your orc skeleton with a +2 flail of holy wrath.
Your orc skeleton convulses.
Your orc skeleton is destroyed!
The gnoll hits you with a +2 flail of holy wrath!
You convulse.
You see here a throwing net.
Casting: Necrotise (safe; 1% risk of failure)
Confirm with . or Enter, or press ? or * to list all spells.
Aiming: Vampiric Draining (dangerous; 6% risk of failure)
Press: ? - help, Shift-Dir - straight line, f - gnoll
Aim: a gnoll, wielding a +2 flail of holy wrath (ally target)
You draw life force from the gnoll!
You feel life coursing into your body. The gnoll barely misses you.
Casting: Vampiric Draining (dangerous; 6% risk of failure)
Confirm with . or Enter, or press ? or * to list all spells.
You don't have enough magic to cast this spell.
You hit the gnoll.
The gnoll is almost dead.
The gnoll hits you with a +2 flail of holy wrath!
You convulse!
You die...

#....#.#..
#.####.# .
###.# .. #
#
#####...#
#. #g
##.....###
## ...
#..#####
$.. ##.##
#.. #Z)#
#..#@##
#..g.#
#)##..# #
...# ..#..
..# #..
##. #.. #.
... # ...?


You could see a gnoll (ally target) and a friendly orc skeleton.

Vanquished Creatures
  An iguana (D:3)
  An orc wizard (D:3)
  2 adders
  2 dart slugs
  A ribbon worm (D:4)
  5 orcs
  4 endoplasms
  2 giant cockroaches
  7 goblins
  3 hobgoblins
  2 jackals (D:3)
  4 quokkas
  3 ball pythons
  4 bats
  2 frilled lizards (D:2)
  3 kobolds
  3 rats
49 creatures vanquished.

Vanquished Creatures (collateral kills)
  A jackal (D:3)
1 creature vanquished.

Grand Total: 50 creatures vanquished

Notes
Turn   | Place    | Note
-------+----------+-------------------------------------------
     0 | D:1      | PaiMei the Demonspawn Necromancer began the quest for the
                  | Orb.
     0 | D:1      | Reached XP level 1. HP: 13/13 MP: 3/3
   352 | D:1      | Gained mutation: You have large cloven feet. [demonic
                  | ancestry]
   352 | D:1      | Reached XP level 2. HP: 19/19 MP: 3/5
  1340 | D:2      | Gained mutation: You are partially covered in yellow
                  | scales. (AC +2) [demonic ancestry]
  1340 | D:2      | Reached XP level 3. HP: 21/25 MP: 0/6
  1344 | D:2      | Learned a level 3 spell: Vampiric Draining
  1989 | D:3      | Reached skill level 1 in Fighting
  2348 | D:3      | Found a stormy altar of Qazlal.
  2349 | D:3      | Found an ornate altar of the Wu Jian Council.
  2476 | D:3      | Gained mutation: You have hoof-like feet. [demonic
                  | ancestry]
  2476 | D:3      | Reached XP level 4. HP: 30/32 MP: 2/8
  2604 | D:3      | Reached skill level 5 in Necromancy
  2717 | D:3      | Noticed Ijyb
  3109 | D:4      | Slain by a gnoll

Illustrated notes

Levels and vault maps discovered:
D:1:      kennysheep_arrival_seaside, layout_basic, chequers_big_river
D:2:      layout_rooms, amethyst_killhole
D:3:      kennysheep_goblin_castle, layout_loops_ring,
          mainiacjoe_overflow_big_doors, small_statue_intersection
D:4:      layout_rooms, cheibrodos_sewer_entry_sluice

Skill      XL: |  1  2  3  4 |
---------------+-------------+-----
Stealth        | 2 |  2.0
Dodging        | 2 |  2.7
Fighting       | 1 |  1.8
Necromancy     | 5 |  5.1
Spellcasting   | |  2.9

Action                     |  1- 3 |  4- 6 || total
---------------------------+-------+-------++-------
  Melee: Unarmed           |    13 |       ||    13
         Club              |     8 |     7 ||    15
         Kick              |     5 |     1 ||     6
   Cast: Necrotise         |    63 |    28 ||    91
         Vampiric Draining |       |     1 ||     1
 Armour: Robe              |    14 |    18 ||    32
  Dodge: Dodged            |    35 |    15 ||    50
